 Dungeon Crawl Stone Soup version 0.29.1-15-g9cfb28693d (webtiles) character file.

Game seed: 14418678810879660189

30 Mysteryquy the Covert (level 3, -2/35 HPs)
             Began as a Gnoll Delver on May 2, 2023.
             Killed from afar by Natasha (16 damage)
             ... with a bolt of dispelling energy
             ... on level 3 of the Dungeon.
             The game lasted 00:00:38 (306 turns).

Mysteryquy the Covert (Gnoll Delver)                 Turns: 306, Time: 00:00:39

Health: -2/35      AC:  3    Str: 11    XL:     3   Next: 20%
Magic:  4/4        EV: 13    Int:  9    God:
Gold:   0          SH:  0    Dex: 15    Spells: 3/3 levels left

rFire   . . .      SeeInvis .   a - +0 hand axe
rCold   . . .      Faith    .   (no shield)
rNeg    . . .      Spirit   .   b - +0 leather armour
rPois   .          Reflect  .   (no helmet)
rElec   .          Harm     .   (no cloak)
rCorr   .          Rampage  .   (no gloves)
Will    .....                   (no boots)
Stlth   ++++......              (no amulet)
HPRegen 0.11/turn               (no ring)
MPRegen 0.09/turn               (no ring)

@: no status effects
A: fangs 1, strong nose, distributed training
a: no special abilities


You were on level 3 of the Dungeon.
You visited 1 branch of the dungeon, and saw 3 of its levels.

Inventory:

Hand Weapons
 a - a +0 hand axe (weapon)
Armour
 b - a +0 leather armour (worn)
Wands
 g - a wand of digging (3)
Scrolls
 c - a scroll of fog
 d - a scroll of magic mapping
 e - a scroll of fear
 i - a scroll of identify {unknown}
Potions
 f - a potion of haste
 h - a potion of mutation {unknown}


   Skills:
 + Level 6.5 Fighting
 + Level 0.7 Short Blades
 + Level 0.7 Long Blades
 + Level 4.5 Axes
 + Level 0.7 Maces & Flails
 + Level 0.7 Polearms
 + Level 0.7 Staves
 + Level 0.7 Ranged Weapons
 + Level 0.7 Throwing
 + Level 0.7 Armour
 + Level 4.5 Dodging
 + Level 9.5 Stealth
 + Level 0.7 Shields
 + Level 0.7 Unarmed Combat
 + Level 0.7 Spellcasting
 + Level 0.5 Conjurations
 + Level 0.5 Hexes
 + Level 0.5 Summonings
 + Level 0.5 Necromancy
 + Level 0.5 Translocations
 + Level 0.5 Transmutations
 + Level 0.5 Fire Magic
 + Level 0.5 Ice Magic
 + Level 0.5 Air Magic
 + Level 0.5 Earth Magic
 + Level 0.5 Poison Magic
 + Level 0.9 Invocations
 + Level 0.7 Evocations


You had 3 spell levels left.
You didn't know any spells.
Your spell library was empty.

Dungeon Overview and Level Annotations

Branches:
Dungeon (5/15)
 Temple: D:4-7

Altars:
Cheibriados

Annotations:
D:3 Natasha


Innate Abilities, Weirdness & Mutations

You have very sharp teeth.
Your uncanny sense of smell can sniff out nearby items.
Your experience applies equally to all skills.


Message History

Natasha closely misses you.
You barely miss Natasha.
Natasha is moderately wounded.
Natasha claws you.
You hit Natasha but do no damage.
Natasha is moderately wounded.
Natasha zaps a wand.
The bolt of dispelling energy hits you!!
Ouch! That really hurt!
You are too injured to fight recklessly!
You are too injured to fight recklessly!
You are too injured to fight recklessly!
You are too injured to fight recklessly!
You are too injured to fight recklessly!
You are too injured to fight recklessly!
You are too injured to fight recklessly!
You are too injured to fight recklessly!
You are too injured to fight recklessly!
You are too injured to fight recklessly!
You are too injured to fight recklessly!
You are too injured to fight recklessly!
You are too injured to fight recklessly!
You are too injured to fight recklessly!
You are too injured to fight recklessly!
You are too injured to fight recklessly!
You are too injured to fight recklessly!
You are too injured to fight recklessly!
You are too injured to fight recklessly!
You are too injured to fight recklessly!
You are too injured to fight recklessly!
You are too injured to fight recklessly!
You are too injured to fight recklessly!
You are too injured to fight recklessly!
You hit Natasha but do no damage. You bite Natasha.
Natasha is heavily wounded.
Natasha claws you.
You hit Natasha. You bite Natasha, but do no damage.
Natasha is heavily wounded.
Natasha zaps a wand.
The bolt of dispelling energy hits you!
You die...

#######.# #.# #.# #.#
#.# #.# #.####.# #.#
... #......# #.# ....
#.###..# #.# ♣...
#.##...# #.#
.....#######..######.##
.....#.h..............#
♣..g.@...#########..#
.....#.....'....# #..#
∆...
∆#.....####.####..# ♣
#.....>.#........# ∆
#......##..#####.##
#'####.##..#......#
#.####.##..#.....##
#.##.........###.#
#.##.#.#####.# #.#


You could see Natasha (empowered) and a hobgoblin.

Vanquished Creatures
  Natasha (D:3)
  2 endoplasms (D:3)
  A goblin (D:3)
  A bat (D:3)
  2 rats (D:3)
7 creatures vanquished.

Notes
Turn   | Place    | Note
-------+----------+-------------------------------------------
     0 | D:5      | Reached skill level 9 in Stealth
     0 | D:5      | Mysteryquy the Gnoll Delver began the quest for the Orb.
     0 | D:5      | Reached XP level 1. HP: 23/23 MP: 1/1
     5 | D:5      | Noticed an iguana
     7 | D:4      | Found a snail-covered altar of Cheibriados.
   177 | D:3      | Noticed Natasha
   187 | D:3      | Killed Natasha
   188 | D:3      | Reached XP level 2. HP: 24/29 MP: 1/3
   188 | D:3      | Reached XP level 3. HP: 29/35 MP: 1/4
   282 | D:3      | Noticed Natasha
   306 | D:3      | Killed from afar by Natasha

Illustrated notes

Levels and vault maps discovered:
D:3:      layout_basic, nicolae_tso_carved_into_rock, minmay_misc_feat_tiny,
          hangedman_decor_points, kennysheep_generic_room_16, uniq_natasha,
          uniq_grinder, uniq_jessica
D:4:      layout_rooms, vehumet_altar_wand_db, general_overflow_altar,
          kennysheep_slug_shrine, fedhas_altar_2, minmay_circle_x, uniq_edmund
D:5:      layout_basic, minmay_temple_entry_enclosed_plants,
          nicolae_inconvenience_store

Skill      XL: | |
---------------+-+-----
Stealth        | |  9.5
Fighting       | |  6.5
Short Blades   | |  0.7
Long Blades    | |  0.7
Axes           | |  4.5
Maces & Flails | |  0.7
Polearms       | |  0.7
Staves         | |  0.7
Ranged Weapons | |  0.7
Throwing       | |  0.7
Armour         | |  0.7
Dodging        | |  4.5
Shields        | |  0.7
Unarmed Combat | |  0.7
Spellcasting   | |  0.7
Conjurations   | |  0.5
Hexes          | |  0.5
Summonings     | |  0.5
Necromancy     | |  0.5
Translocations | |  0.5
Transmutations | |  0.5
Fire Magic     | |  0.5
Ice Magic      | |  0.5
Air Magic      | |  0.5
Earth Magic    | |  0.5
Poison Magic   | |  0.5
Invocations    | |  0.9
Evocations     | |  0.7

Action                   || total
-------------------------++-------
Melee: Hand axe          ||    23
       Punch             ||     1
       Bite              ||     2
 Stab: Sleeping          ||     2
Armor: Leather armour    ||     5
Dodge: Dodged            ||    14
